Cogmind - Beta 15 @@@ ROGUE MODE // 2025.05.08 @ 14:05:44 Player: AnotherZach Result: Destroyed by X4-WVK(R) with Subdweller Beam Cannon Performance ------------- Evolutions (0) 0 Regions Visited (2) 400 Robots Destroyed (24) 120 Value Destroyed (392) 392 Prototype IDs (0) 0 Alien Tech Used (0) 0 Bonus (-112) -112 TOTAL SCORE: 800 Bonus ------- Friendly Fire -112 Cogmind --------- Core Integrity 0/250 Matter 203/300 Energy 95/100 System Corruption 4% Temperature Cool (9) Movement Rolling (110) Ox2 Location -10/Subcaves Parts ------- > --- POWER (1) -------- (None) > --- PROPULSION (2) --- Wheel Wheel > --- UTILITY (2) ------ High-capacity Storage Unit Propulsion Shielding > --- WEAPON (2) ------- Particle Gun Grenade Launcher > --- INVENTORY (20) --- Ion Engine Ion Engine Light Treads Light Treads Wheel Wheel Wheel Small Storage Unit High-capacity Matter Pod (48) Structural Scanner Improved Terrain Scanner Seismic Detector Propulsion Shielding Scrap Shield Assault Rifle Grenade Launcher Datajack Scrap Shield Fragment (48) Scrap Shield Fragment (46) Peak State ------------ > --- POWER ------------ Light Nuclear Core > --- PROPULSION ------- Light Treads Light Treads > --- UTILITY ---------- High-capacity Storage Unit Propulsion Shielding > --- WEAPON ----------- Assault Rifle Assault Rifle > --- INVENTORY -------- Ion Engine Ion Engine Light Ion Engine Aluminum Leg Aluminum Leg Wheel Wheel Wheel Wheel Wheel Wheel Wheel Small Storage Unit High-capacity Matter Pod Improved Terrain Scanner Seismic Detector Light Assault Rifle Grenade Launcher [Rating: 11] Favorites ----------- Power Light Ion Engine Engine Light Ion Engine Power Core Light Nuclear Core Propulsion Wheel Treads Light Treads Leg Aluminum Leg Wheel Wheel Utility High-capacity Storage Unit Device Seismic Detector Storage High-capacity Storage Unit Protection Propulsion Shielding Weapon Assault Rifle Energy Gun Particle Gun Ballistic Gun Assault Rifle Launcher Grenade Launcher Build | -11 -10 -10 ------- Run | Yrd Mat Sub Slots Evolved . | . . . Power . | . . . Propulsion . | . . . Utility . | . . . Weapon . | . . . Parts Attached 24 | 9 14 1 Power 3 | 2 1 . Engine 2 | 2 . . Core 1 | . 1 . Reactor . | . . . Propulsion 10 | 2 8 . Treads 2 | . 2 . Leg 2 | 2 . . Wheel 6 | . 6 . Hover . | . . . Flight . | . . . Utility 4 | 2 2 . Device 1 | 1 . . Storage 2 | 1 1 . Processor . | . . . Hackware . | . . . Protection 1 | . 1 . Artifact . | . . . Weapon 7 | 3 3 1 Energy Gun 1 | . 1 . Energy Cannon . | . . . Ballistic Gun 3 | 3 . . Ballistic Cannon . | . . . Launcher 3 | . 2 1 Special Weapon . | . . . Impact Weapon . | . . . Slashing Weapon . | . . . Piercing Weapon . | . . . Special Melee Weapon . | . . . Unidentified Prototypes . | . . . Corrupted Parts 1 | . 1 . System Corruption 2 | . 2 . Parts Lost 4 | . 3 1 Power 2 | . 1 1 Propulsion 1 | . 1 . Utility . | . . . Weapon 1 | . 1 . Highest Loss Streak 2 | . 2 1 To Critical Strikes . | . . . Average Backups 16 | 3 16 17 Power 2 | . 2 2 Propulsion 6 | 1 7 5 Utility 5 | . 3 6 Weapon 1 | . 2 2 Tool/Special . | . . . Unused Backups 12 | . . 12 Power 1 | . . 1 Propulsion 4 | . . 4 Utility 5 | . . 5 Weapon 1 | . . 1 Tool/Special 1 | . . 1 Average Slot Usage (%) 97 | . 97 96 Engine 9 | . 8 10 Core 2 | . 4 . Wheel 26 | . 24 28 Device 2 | . 5 . Storage 14 | . 14 14 Protection 11 | . 8 14 Energy Gun 8 | . 3 14 Ballistic Gun 12 | . 20 4 Launcher 6 | . 3 9 Peak Build Rating 11 | 7 11 10 Average Rating 9 | 5 9 9 On Entrance 5 | . 7 10 Naked Turns . | . . . Heaviest Build 51 | 14 51 50 Greatest Support 40 | 20 40 20 Greatest Overweight (x) 4 | . 4 2 Average Overweight (x) 1 | . 1 2 Largest Inventory Capacity 20 | 8 20 20 Average Capacity 19 | 7 19 20 Most Carried 20 | 7 20 20 Average Carried 17 | 3 16 19 Final Capacity 20 | 8 20 20 Final Carried 20 | 7 19 20 Class Distribution -------------------- 100% | Mutant Dominant Class ---------------- Mutant | -10/Materials Mutant | -10/Subcaves Resources | -11 -10 -10 ----------- Run | Yrd Mat Sub Matter Collected 917 | 261 521 135 Remotely . | . . . Salvage Created 675 | 139 530 6 Parts 46 | 7 36 3 Haulers Intercepted 1 | . 1 . Recyclers Shooed 3 | . 3 . Parts Field Recycled . | . . . Retrieved Matter . | . . . Parts Self-Destructed 11 | . . 11 Prevented . | . . . Kills | -11 -10 -10 ------- Run | Yrd Mat Sub Combat Hostiles Destroyed 12 | . 10 2 Guns 5 | . 5 . AOE 6 | . 4 2 Classes Destroyed 8 | 2 6 . Worker 2 | . 2 . Builder 3 | . 3 . Tunneler 3 | 2 1 . Hauler 1 | . 1 . Recycler 2 | 1 1 . Operator 1 | . 1 . Swarmer 5 | . 3 2 Grunt 7 | . 7 . Best Kill Streak 4 | 3 4 2 Combat Bots Only 3 | . 3 2 Max Kills in Single Turn 2 | 1 2 2 Gunslinging . | . . . Exploded 2 | . 2 2 Melee . | . . . Uniques/NPCs Destroyed . | . . . Combat | -11 -10 -10 -------- Run | Yrd Mat Sub Hostile Shots Fired 83 | . 71 12 Missed 21 | . 19 2 Hits 62 | . 52 10 Projectile 62 | . 52 10 Critical Strikes 5 | . 3 2 Actively Blocked 1 | . . 1 Damage Taken 1002 | . 747 255 Core 251 | . 182 69 Absorbed by Shields . | . . . Redirected to Shielding 30 | . 18 12 Regen/Repaired (Parts) 83 | . 83 . Core Remaining (%) 100 | 100 . . Volleys Fired 84 | 5 68 11 Largest 2 | 2 2 2 Hottest 95 | 40 85 95 Shots Fired 137 | 10 113 14 Gun 118 | 10 106 2 Cannon . | . . . Launcher 19 | . 7 12 Special . | . . . Kinetic 101 | 10 91 . Thermal 17 | . 15 2 Explosive 19 | . 7 12 Electromagnetic . | . . . Robot Hit Streak 12 | 6 12 5 Robot Miss Streak 4 | 1 4 2 Penetration Max . | . . . Secondary Targets . | . . . Shots Hit Robots 75 | 7 63 5 Core Hits 43 | 4 32 7 Critical Kills . | . . . Critical Parts Destroyed 2 | . 2 . Critical Strikes 2 | . 2 . Destroy 2 | . 2 . Melee Attacks . | . . . Impact . | . . . Slashing . | . . . Piercing . | . . . Sneak Attacks . | . . . Combat Hostiles . | . . . Follow-up Attacks . | . . . Damage Inflicted 1690 | 91 1279 320 Guns 953 | 91 830 32 Cannons . | . . . Explosions 657 | . 369 288 Melee . | . . . Ramming 80 | . 80 . Kinetic 784 | 91 693 . Thermal 169 | . 137 32 Explosive 657 | . 369 288 Electromagnetic . | . . . Impact . | . . . Slashing . | . . . Piercing . | . . . Highest Corruption 4 | . 4 4 Average Corruption 3 | . 3 4 Corruption Purged . | . . . Corruption Blocked . | . . . Effects 19 | . 6 13 Message Errors 4 | . 2 2 Matter Fused 2 | . . 2 Heat Flow Errors 4 | . . 4 Energy Discharges 2 | . 1 1 Data Loss (minor) 4 | . 3 1 Data Loss (major) 2 | . . 2 Misfires 1 | . . 1 Overload Shots . | . . . Overflow Damage 13 | . 8 5 Projectiles . | . . . Explosions 10 | . 5 5 Melee 3 | . 3 . Knockbacks 1 | . 1 . Impact 1 | . 1 . Kinetic . | . . . Secondary . | . . . Self-Inflicted Damage 150 | . 73 77 Shots 5 | . 2 3 Rammed 12 | . 12 . Targets Rammed 12 | . 12 . Kicked . | . . . Crushed . | . . . Highest Temperature 244 | . 72 244 Average Temperature 40 | . 23 106 Received Heat Transfer 748 | . 411 337 Siege Activations . | . . . Martial Activations . | . . . Shielding Activations . | . . . Robots Disrupted . | . . . Combat Hostiles . | . . . Robots Corrupted 1 | . 1 . Combat Hostiles 1 | . 1 . Parts Fried . | . . . Impact Corruptions 2 | . 2 . Robots Melted . | . . . Combat Hostiles . | . . . Parts Melted . | . . . Heat Transferred 407 | . 333 74 Parts Sabotaged . | . . . Parts Stolen . | . . . Parts Stripped . | . . . Power Chain Reactions . | . . . Alert | -11 -10 -10 ------- Run | Yrd Mat Sub Maximum Alert Level . | . . . Low Security (%) 100 | 100 100 . Level 1 . | . . . Level 2 . | . . . Level 3 . | . . . Level 4 . | . . . Level 5 . | . . . High Security . | . . . Max Security . | . . . Peak Influence 163 | 10 163 . Initial . | . . . Average 86 | 1 96 . Influence Increases 473 | 15 408 50 Destroy 0b10 Robot/C 240 | . 200 40 Destroy 0b10 Robot/NC 60 | 15 45 . Destroy Leader 52 | . 42 10 Successful Hack 13 | . 13 . Disable Machine 15 | . 15 . Destroy Structure 48 | . 48 . Lose Combat Pursuer 45 | . 45 . Influence Decreases 473 | 15 297 161 Entered New Map 54 | . . 54 Time Decay 389 | 15 267 107 Lost Part 30 | . 30 . Squads Dispatched 1 | . 1 . Investigation . | . . . Extermination . | . . . Reinforcement 1 | . 1 . Assault . | . . . Garrison . | . . . Intercept . | . . . Searches Triggered . | . . . Construction Impeded . | . . . Haulers Reinforced . | . . . Active Scanning Responses . | . . . Cargo Convoy Interrupts . | . . . Stealth | -11 -10 -10 --------- Run | Yrd Mat Sub Distress Signals . | . . . Communications Jammed . | . . . Distress Signals . | . . . Times Spotted 23 | . 18 5 Peak Tracking Total 6 | . 6 3 Tactical Retreats 2 | . 2 . Traps | -11 -10 -10 ------- Run | Yrd Mat Sub Traps Triggered . | . . . Indirectly . | . . . Trap Hack Attempts . | . . . Triggered . | . . . Disarmed . | . . . Reprogrammed . | . . . Reused . | . . . Traps Extracted . | . . . Installed . | . . . Triggered . | . . . Machines | -11 -10 -10 ---------- Run | Yrd Mat Sub Machines Disabled 1 | . 1 . Max in Single Turn 1 | . 1 . Machines Repaired . | . . . Machines Dismantled . | . . . Machines Sabotaged . | . . . Overloaded Fab Kills . | . . . Hacking | -11 -10 -10 --------- Run | Yrd Mat Sub Machines Accessed 3 | . 3 . Terminals 2 | . 2 . Fabricators . | . . . Repair Stations 1 | . 1 . Recycling Units . | . . . Scanalyzers . | . . . Garrison Access . | . . . Total Hacks 8 | . 8 . Successful 4 | . 4 . Failed 4 | . 4 . Catastrophic . | . . . Database Lockouts . | . . . Manual 5 | . 5 . Terminals 5 | . 5 . Fabricators . | . . . Repair Stations 3 | . 3 . Recycling Units . | . . . Scanalyzers . | . . . Garrison Access . | . . . Terminal Hacks 1 | . 1 . Robot Schematic 1 | . 1 . Fabricator Hacks . | . . . Repair Station Hacks 2 | . 2 . Scan Component 1 | . 1 . Repair 1 | . 1 . Recycling Unit Hacks . | . . . Scanalyzer . | . . . Garrison Access Hacks . | . . . Unauthorized Hacks 1 | . 1 . Terminals 1 | . 1 . Botnet 1 | . 1 . Fabricators . | . . . Repair Stations . | . . . Recycling Units . | . . . Scanalyzers . | . . . Garrison Access . | . . . Data Cores Recovered . | . . . Used . | . . . Hacking Detections 2 | . 2 . Full Trace Events . | . . . Feedback Events . | . . . Feedback Blocked . | . . . Robot Schematics Acquired 1 | . 1 . Robots Built . | . . . Authchips . | . . . Time . | . . . Total Robot Build Rating . | . . . Part Schematics Acquired . | . . . Parts Built . | . . . Authchips . | . . . Time . | . . . Total Part Build Rating . | . . . Parts Repaired 1 | . 1 . Time 26 | . 26 . Parts Recycled . | . . . Recycled Matter . | . . . Retrieved Matter . | . . . Retrieved Components . | . . . Parts Scanalyzed . | . . . Part Schematics Acquired . | . . . Parts Damaged . | . . . Bothacking | -11 -10 -10 ------------ Run | Yrd Mat Sub Used RIF Installer . | . . . Robots Hacked . | . . . Non-combat . | . . . Combat . | . . . Robot Hacks Applied . | . . . Relay Couplers Released . | . . . Fabnet Peak Effective % . | . . . Robots Rewired . | . . . Allies Hacked . | . . . Hacks Repelled . | . . . Allies | -11 -10 -10 -------- Run | Yrd Mat Sub Total Allies . | . . . Largest Group . | . . . Highest-Rated Group . | . . . Highest-Rated Ally . | . . . Total Orders . | . . . Ally Attacks . | . . . Total Damage . | . . . Kills . | . . . Allies Corrupted . | . . . Allies Melted . | . . . Intel | -11 -10 -10 ------- Run | Yrd Mat Sub Active Infowar (turns) 322 | 15 307 . Seismic 322 | 15 307 . Robot Analysis Total . | . . . Derelict Logs Recovered . | . . . Drone Launches . | . . . Drone Recoveries . | . . . Exploration | -11 -10 -10 ------------- Run | Yrd Mat Sub Turns Passed 1688 | 91 773 824 Spaces Moved 1162 | 49 423 690 Core 2 | 2 . . Treads 10 | . 10 . Legs 70 | 47 23 . Wheels 1080 | . 390 690 Hover . | . . . Flight . | . . . Fastest Speed 50 | 50 80 110 Average Speed 111 | 117 113 110 Slowest Speed 240 | 120 240 110 Overloaded Moves . | . . . Propulsion Burnouts . | . . . Robots Hopped . | . . . Potential Cave-ins . | . . . Cave-ins Triggered . | . . . Exploration Rate (%) 42 | 3 71 52 Regions Visited 2 Branch Regions 1 Pre-discovered Areas . | . . . Known Exits Taken . | . . . Unknown Exits Taken 2 | 1 1 . Scrap Searched 1 | . . 1 Spaces Dug 7 | . 7 . Terrain Destroyed 127 | . 69 58 Melee . | . . . Projectile . | . . . AOE 127 | . 69 58 Terrain Rammed . | . . . Walls Destroyed . | . . . Machines Disabled . | . . . Actions | -11 -10 -10 --------- Run | Yrd Mat Sub Total 1411 | 68 598 745 Wait 85 | . 48 37 Move 1160 | 48 422 690 Hop . | . . . Pick Up 25 | 6 16 3 Fast Attach 14 | 7 7 . Attach 5 | . 5 . Detach 2 | . 2 . Swap 13 | 2 10 1 Drop 11 | . 8 3 Fire 84 | 5 68 11 Melee . | . . . Ram 12 | . 12 . Kick . | . . . Crush . | . . . Escape Stasis . | . . . Rewire . | . . . Trap . | . . . Miscellaneous . | . . . Route ------- -11/Scrapyard -10/Materials (discovered 4 exits: [*Mat] / [*Min x2] / [*Sub]) -10/Subcaves History --------- Turn | Location | Event 14 | -11/Scrapyard | Discovered new exit (range 15) 92 | -11/Scrapyard | Entered Materials 300 | -10/Materials | Build established: Mutant 337 | -10/Materials | Discovered new exit (range 10) 459 | -10/Materials | Discovered new exit (range 16) 576 | -10/Materials | Discovered new exit (range 10) 641 | -10/Materials | Core integrity fell below 50% 760 | -10/Materials | Repaired Assault Rifle 780 | -10/Materials | Discovered new exit (range 10) 865 | -10/Materials | Entered Subcaves 866 | -10/Subcaves | Approached by a straggling Scientist 1117 | -10/Subcaves | A swath of the cavern ceiling suddenly collapsed 1417 | -10/Subcaves | Core integrity fell below 20% 1650 | -10/Subcaves | Ambushed by Subdwellers from Twisted Machinery 1689 | -10/Subcaves | Destroyed by X4-WVK(R) with Subdweller Beam Cannon Last Messages --------------- data lost. WM-DUB(c): "I think it's somewhere south of here" 01580_ Searching scrap... 01580_ Found Riot Gun. 01580_ Found 31 Matter. 01581_ Acquired 31 matter. 01600_ System corrupted: Component data lost. WM-DUB(c): "I think it's somewhere south of here" 01630_ System corrupted: Energy discharge (-40). 01650_ SZ-QG4(R) emerges from the Twisted Machinery. 01651_ HV Slug penetrates Wall. 01652_ Critical hit (Meltdown: +280). 01653_ System corrupted: Substantial component data lost. 01654_ HV Slug penetrates Wall. 01662_ WM-DUB(c) destroyed. 01689_ The unstable cave ceiling collapses. Map ----- +----------------------------------------------------+ | | | | | | | | | | | | | | | | | | | | | ?????????????????????????????????????????????????? | | ?????????????????????????????????????????????????? | | ?????????????????????????????????????????????????? | | ?????????????????????????????????????????????????? | | ?????????????????????????????????????????????????? | | ?????????????????????????????????????????????????? | | ?????????????????????????????????????????????????? | | ?????????????????????????????????????????????????? | | ?????????????????????????????????????????????????? | | ?????????????????????????????????????????????????? | | ?????????????????????????????????????????????????? | | ?????????????????????????????????????????????????? | | ?????????????????????????????????????????????????? | | ?????????????????????????????????????????????????? | | ????????????????????????#####?????##?????????????? | | ??????????????####??????#@ #????# #?????????????? | | #???????????### #####??# ##### #?????????????? | | #???######??# ##?# #?????????????? | | ##### ## #### ##### ##### #?????????????? | | # ##???# #??### #?????????????? | | # ## # #????# ###???? R ##?????????????? | | ########## #???## ###????? #??????????????? | | ####????????# #???# # ###??? ##?????????????? | | #???????????# ## ## # #??## #?????????????? | | #???????????# # #### #?????????????? | | ????????????### ### ##????????????? | | ?????????????##! = ##???????????? | | ?????????????# % #???????????? | | ?????????????## #???????????? | | ??????????????# ## "" ?????????? | | ????????????# ## ## " ?????????? | | ????????????# ## #### "% ????????? | | ????????????#### ### ???# " ????????? | | ???????????????#" ##?# #???# " ?????????? | | ???????????????#" ##??# ##???? "" ??????????# | | ???????????????# ##???# ##????? ## ????????? | | ???????????????# ????###?????? ##???????????" | | ??????????????? # ??????????????#???????????# | | ?????????????? """"??????????????????????????## | | ????????????? """ ???????????????????????????## | +----------------------------------------------------+ Best States ------------- Heat Dissipation 25 Energy Generation 14 Energy Capacity 250 Matter Stores 300 Matter Capacity 300 Sight Range 16 Terrain Scan Density 10 Propulsion Shielding 33 Evasion (%) 55 Recoil Reduction 2 Item Schematics ----------------- None Robot Schematics ------------------ M-13 Machinist | -10/Materials | Hacked Fabricated ------------ Nothing Repaired ---------- Assault Rifle | 17% | -10/Materials Alien Tech Used ----------------- None Achievements -------------- None Challenges ------------ None Game ------ Seed RemoteTransportFalx Manual? 0 Play Time 00:14:40 Cumulative 733.6 hours Start 2025.05.08 @ 13:54:56 End 2025.05.08 @ 14:05:44 Sessions 1 Manual Loads 0 Difficulty Rogue Special Mode None Game No. 169 Rogue 31 Adventurer 138 Explorer 0 Win Type - Total 11 Types 7/0/1/2/0/0/0/0/1/0 Lore% 78 Gallery% 77 Achievement% 76 Wizard Run 0 Options --------- Layout 2 ASCII 0 Keyboard 0 Movement Mouse Keybinds 0 Fullscreen 1 Font 24/Smallcaps Map View 50x49 Zoom Use 0% Tactical HUD 1 Map Filters NONE Filters NONE Steam 1 RUN: 21cd01fa-c1d0-43a7-b5ad-de90a6a2ead7